 Dungeon Crawl Stone Soup version 0.27-a0-1277-g3808f8b1c9 (webtiles) character file.

Game seed: 12371179749299239892

432 Glokmah the Sneak (level 7, -2/36 HPs)
             Began as a Vine Stalker Brigand on June 12, 2021.
             Slain by a water moccasin (3 damage)
             ... on level 4 of the Dungeon.
             The game lasted 00:06:04 (3692 turns).

Glokmah the Sneak (Vine Stalker Brigand)            Turns: 3692, Time: 00:06:05

Health: -2/36      AC:  4    Str: 13    XL:     7   Next: 0%
Magic:  0/8        EV: 12    Int: 11    God:
Gold:   132        SH:  0    Dex: 18    Spells: 6/6 levels left

rFire    . . .     SeeInvis .   a - +3 dagger
rCold    . . .     Faith    .   (no shield)
rNeg     . . .     Spirit   +   b - +0 robe
rPois    .         Reflect  .   (no helmet)
rElec    .         Harm     .   c - +0 cloak
rCorr    .         Rampage  .   (no gloves)
Will     .....                  n - +0 pair of boots
Stlth    +++.......             (no amulet)
HPRegen  1.12/turn              (no ring)
MPRegen  0.11/turn              (no ring)

@: lethally poisoned (-2 -> -2)
A: fangs 2, regeneration 1, magic shield, antimagic bite, no potion heal 2
a: no special abilities


You were on level 4 of the Dungeon.
You visited 1 branch of the dungeon, and saw 4 of its levels.

You collected 132 gold pieces.

Inventory:

Hand Weapons
 a - a +3 dagger (weapon)
Missiles
 d - 13 poisoned darts
 e - 7 curare-tipped darts
 f - 35 bolts
 j - 5 atropa-tipped darts (quivered)
Armour
 b - a +0 robe (worn)
 c - a +0 cloak (worn)
 n - a +0 pair of boots (worn)
Jewellery
 p - a ring of magical power
 t - a ring of ice
Wands
 r - a wand of iceblast (11)
Scrolls
 i - a scroll of fog
 m - a scroll of noise
Potions
 g - 2 potions of degeneration
 h - 2 potions of curing {unknown}
 q - a potion of mutation {unknown}
 u - a potion of haste {unknown}


   Skills:
 + Level 3.1 Fighting
 * Level 4.0 Short Blades
 + Level 3.1 Throwing
 + Level 2.2 Dodging
 + Level 6.1 Stealth


You had 6 spell levels left.
You didn't know any spells.
Your spell library was empty.

Dungeon Overview and Level Annotations

Branches:
Dungeon (4/15)
 Temple: D:4-7

Altars:
Cheibriados
Qazlal

Shops:
D:4 *


Innate Abilities, Weirdness & Mutations

You have extremely sharp teeth.
Your natural rate of healing is unusually fast.
When hurt, damage is shared between your health and your magic reserves.
Your bite disrupts and absorbs the magic of your enemies.
Potions cannot restore your health.


Message History

You feel very sick. The water moccasin bites you.
There is an open door here.
You feel very sick.
The water moccasin bites you but does no damage.
Throw: 7 darts (atropa)
Press: ? - help, Q - select action, (/) - cycle Shift-Dir - straight line, f - water moccasin
Aim: a water moccasin (46% to hit, chance to blind on hit: 70%)
You throw an atropa-tipped dart.
The atropa-tipped dart hits the water moccasin.
The water moccasin appears confused.
You feel very sick. The water moccasin misses you.
You catch the helpless water moccasin completely off-guard!
You impale the water moccasin!! Your bite misses the water moccasin.
The water moccasin is severely wounded.
You feel very sick.
The water moccasin seems less confused.
The water moccasin bites you!
* * * LOW HITPOINT WARNING * * *
Okay, then.
You barely miss the water moccasin. You bite the water moccasin.
You drain its power.
You feel invigorated.
The water moccasin is severely wounded.
You feel sick. The water moccasin barely misses you.
You miss the water moccasin.
The water moccasin is severely wounded.
You feel sick.
You feel sick.
The water moccasin is no longer blind.
The water moccasin bites you.
* * * LOW HITPOINT WARNING * * *
Throw: 6 darts (atropa)
Press: ? - help, Q - select action, (/) - cycle Shift-Dir - straight line, f/p - water moccasin
Aim: a water moccasin (severely wounded, 46% to hit, chance to blind on hit: 70%)
You throw an atropa-tipped dart.
The atropa-tipped dart hits the water moccasin!
The water moccasin resists.
The water moccasin is severely wounded.
* * * LOW HITPOINT WARNING * * *
You feel sick. The water moccasin bites you.
You die...

#.###
## #.#
. #.# #
#.# #
#.# #
#.# #
#.# #
#.# #
#@#####
#S#...#
#S(.∩.+
###...#
#####


You could see 2 water moccasins.

Vanquished Creatures
  A water moccasin (D:4)
  An ogre (D:4)
  Crazy Yiuf (D:2)
  Jessica (D:2)
  4 gnolls (D:2)
  8 adders
  2 worms
  5 dart slugs
  6 ball pythons
  2 endoplasms (D:2)
  5 giant cockroaches
  3 goblins
  4 hobgoblins
  10 jackals
  A quokka (D:1)
  2 bats
  A frilled lizard (D:3)
  4 kobolds
  8 rats
69 creatures vanquished.

Vanquished Creatures (others)
  A fungus (D:2)
  8 withered plants (D:2)
9 creatures vanquished.

Grand Total: 78 creatures vanquished

Notes
Turn   | Place    | Note
-------+----------+-------------------------------------------
     0 | D:1      | Glokmah the Vine Stalker Brigand began the quest for the
                  | Orb.
     0 | D:1      | Reached XP level 1. HP: 11/11 MP: 2/2
   128 | D:1      | Reached XP level 2. HP: 15/15 MP: 3/3
   216 | D:1      | Reached skill level 1 in Dodging
   420 | D:1      | Reached skill level 5 in Stealth
   913 | D:2      | Found a faded altar of an unknown god.
  1182 | D:2      | Noticed Jessica
  1419 | D:2      | Reached XP level 3. HP: 18/18 MP: 4/4
  1541 | D:2      | Killed Jessica
  1542 | D:2      | Gained mutation: Your natural rate of healing is unusually
                  | fast. [Vine Stalker growth]
  1542 | D:2      | Reached XP level 4. HP: 23/23 MP: 5/5
  1861 | D:2      | Reached XP level 5. HP: 27/27 MP: 6/6
  2118 | D:2      | Found a runed translucent door.
  2119 | D:2      | Noticed Crazy Yiuf
  2126 | D:2      | Killed Crazy Yiuf
  2894 | D:3      | Found a stormy altar of Qazlal.
  3000 | D:3      | Found a snail-covered altar of Cheibriados.
  3232 | D:3      | Reached XP level 6. HP: 32/32 MP: 5/7
  3680 | D:4      | Found Qookhim's Serpentskin Sales.
  3680 | D:4      | Noticed a water moccasin
  3681 | D:4      | Noticed a water moccasin
  3681 | D:4      | Noticed a water moccasin
  3683 | D:4      | Killed a water moccasin
  3684 | D:4      | Reached skill level 6 in Stealth
  3684 | D:4      | Reached XP level 7. HP: 36/36 MP: 8/8
  3692 | D:4      | HP: 1/36 [poisoned by a water moccasin]
  3692 | D:4      | Slain by a water moccasin

Illustrated notes

Levels and vault maps discovered:
D:1:      roderic_octagonal_star, layout_loops_ring, st_stairs_14,
          patterned_corridor
D:2:      layout_loops_corners, ebering_ecumenical_altar_petrified,
          kennysheep_generic_room_3, uniq_jessica, uniq_crazy_yiuf_cottage
D:3:      layout_basic, general_overflow_altar, kennysheep_slug_shrine
D:4:      layout_loops_ring, lemuel_tele_altar, lemuel_doored_altar,
          kennysheep_mini, guppyfry_shop_venom

Skill      XL: |  1  2  3  4  5  6 |
---------------+-------------------+-----
Short Blades   | 2 3 4 |  4.0
Dodging        | 1 2 |  2.2
Throwing       | 2 3 |  3.1
Stealth        | 5 6 |  6.1
Fighting       | 2 3 |  3.1

Action                   |  1- 3 |  4- 6 |  7- 9 || total
-------------------------+-------+-------+-------++-------
Melee: Dagger            |    58 |   115 |     3 ||   176
       Bite              |    23 |    32 |     1 ||    56
Throw: Dart              |    24 |    11 |     2 ||    37
  Use: Scroll            |       |     6 |       ||     6
 Stab: Sleeping          |     6 |    14 |       ||    20
       Invisible         |       |     1 |     1 ||     2
Armor: Robe              |    19 |    21 |     1 ||    41
Dodge: Dodged            |    41 |    57 |     2 ||   100

Table legend: (Time is in decaauts)
 A = Elapsed time spent in this place.
 B = Non-inter-level travel time spent in this place.
 C = Inter-level travel time spent in this place.
 D = Time resting spent in this place.
 E = Time spent auto-exploring this place.
 F = Levels seen in this place.
 G = Mean time per level.
                   A        B        C        D        E       F      G
               +--------+--------+--------+--------+--------+-----+--------+
         Total |   3671 |   3332 |    339 |    546 |   2049 |   4 |  917.8 |
       Dungeon |   3671 |   3332 |    339 |    546 |   2049 |   4 |  917.8 |
               +--------+--------+--------+--------+--------+-----+--------+

Top non-repeatable levels by time:
     D:1: 1366 daAuts
     D:2: 1339 daAuts
     D:3: 856 daAuts
     D:4: 109 daAuts
